 Dungeon Crawl Stone Soup version 0.27.0-1-g7a089689b8 (webtiles) character file.

Game seed: 5035323703886321754

695 octoduck the Ducker (level 7, -2/54 HPs)
             Began as a Djinni Fire Elementalist on Aug 13, 2021.
             Slain by an ice beast (15 damage)
             ... on level 5 of the Dungeon.
             The game lasted 00:15:20 (5217 turns).

octoduck the Ducker (Djinni Fire Elementalist)      Turns: 5217, Time: 00:15:21

Health: -2/54      AC:  3    Str:  7    XL:     7   Next: 96%
Gold:   105        EV: 14    Int: 19    God:
                   SH:  0    Dex: 13

rFire    + + .     SeeInvis .   c - +0 dagger
rCold    x . .     Faith    .   (no shield)
rNeg     . . .     Spirit   .   a - +0 robe
rPois    ∞         Reflect  .   g - +0 helmet
rElec    .         Harm     .   (no cloak)
rCorr    .         Rampage  .   (no gloves)
Will     .....                  (boots unavailable)
Stlth    ++........             (no amulet)
HPRegen  0.18/turn              (no ring)
MPRegen  0.00/turn              (no ring)

@: flying, very slightly contaminated
A: sickness immunity, fire resistance 2, cold vulnerability 1, float, innate
caster, hp casting, extra vitality 1
a: no special abilities


You were on level 5 of the Dungeon.
You visited 1 branch of the dungeon, and saw 5 of its levels.

You collected 105 gold pieces.

Inventory:

Hand Weapons
 c - a +0 dagger (weapon)
Missiles
 f - 5 javelins
Armour
 a - a +0 robe (worn)
 g - a +0 helmet (worn)
Wands
 h - a wand of flame (16)
 i - a wand of iceblast (14)
Scrolls
 j - a scroll of fog
 p - a scroll of blinking
Potions
 e - a potion of resistance
 l - a potion of magic
 m - a potion of ambrosia


   Skills:
 + Level 5.5 Fighting
 - Level 6.3 Dodging
 - Level 1.5 Stealth
 + Level 2.7 Spellcasting


You couldn't memorise any spells.
You knew the following spells:

 Your Spells              Type           Power      Damage    Failure   Level
a - Foxfire               Conj/Fire      52%        2x1d6     4%          1
b - Conjure Flame         Conj/Fire      13%        6-21      16%         3
c - Inner Flame           Hex/Fire       13%        N/A       16%         3
d - Sticky Flame          Conj/Fire      13%        2d4       45%         4
e - Fireball              Conj/Fire      6%         3d5       80%         5
f - Shock                 Conj/Air       52%        1d6       4%          1
g - Corpse Rot            Necr/Air       N/A        N/A       8%          2
h - Frozen Ramparts       Ice            26%        1d4       16%         3
Your spell library was empty.

Dungeon Overview and Level Annotations

Branches:
Dungeon (5/15)
 Temple: D:4-7

Altars:

Shops:
D:1 =

Annotations:
D:3 Purgy
D:4 3 runed translucent doors, snetch's ghost, novice DjFE


Innate Abilities, Weirdness & Mutations

You are immune to sickness and miasma.
You are immune to poison.
Your flesh is very heat resistant. (rF++)
You are vulnerable to cold. (rC-)
You float through the air rather than walking.
You learn spells naturally, not from books.
Your magical power is your life essence.
You have superior vitality. (+4 HP)


Message History

Press: ? - help, Shift-Dir - straight line The zap hits the ice beast but does no damage.
The ice beast is severely wounded.
The zap misses the ice beast.
The ice beast misses you.
Casting: Shock (safe; 4% risk of failure)
Confirm with . or Enter, or press ? or * to list all spells.
Aiming: Shock (safe; 4% risk of failure)
Press: ? - help, Shift-Dir - straight line You miscast Shock.
Nothing appears to happen.
The ice beast hits you but does no damage.
Casting: Shock (safe; 4% risk of failure)
Confirm with . or Enter, or press ? or * to list all spells.
Aiming: Shock (safe; 4% risk of failure)
Press: ? - help, Shift-Dir - straight line The zap hits the ice beast.
The ice beast is almost dead.
The zap hits the ice beast.
The ice beast is almost dead.
* * * LOW HITPOINT WARNING * * *
The ice beast barely misses you.
Casting: Shock (safe; 4% risk of failure)
Confirm with . or Enter, or press ? or * to list all spells.
Aiming: Shock (safe; 4% risk of failure)
Press: ? - help, Shift-Dir - straight line The zap hits the ice beast.
The ice beast is almost dead.
The zap hits the ice beast but does no damage.
The ice beast is almost dead.
* * * LOW HITPOINT WARNING * * *
The ice beast barely misses you.
Casting: Shock (safe; 4% risk of failure)
Confirm with . or Enter, or press ? or * to list all spells.
Aiming: Shock (safe; 4% risk of failure)
Press: ? - help, Shift-Dir - straight line The zap misses the ice beast. x2
* * * LOW HITPOINT WARNING * * *
The ice beast hits you.
* * * LOW HITPOINT WARNING * * *
The ice beast freezes you!
You feel a terrible chill!
You die...

##.###......#.#.#
#.## .#......#.# #..#
.#......#.#.#
##.##.##.#...#.#.#
#..#.##.#...#.#.##
##.#..........#..#
.####.#.##..........#
...........#.....#..#
######..##.#...#@Y..#
........##.#.#.#...<#
######..##.#...######
#.>.†..........#
#.###........#.#
#.##.......#.#.#
#.##...........#
#.##..####.#...#
#.##..####.#...#


You could see an ice beast.

Vanquished Creatures
  Sigmund (D:3)
  An ogre (D:2)
  A necrophage (D:4)
  A centaur (D:5)
  2 hounds (D:4)
  An iguana (D:5)
  Natasha (thrice) (D:3)
  A hound skeleton (D:4)
  3 gnolls (D:2)
  An adder (D:2)
  An ufetubus (D:4)
  2 worms (D:3)
  A dart slug (D:3)
  An orc (D:3)
  5 endoplasms
  A giant cockroach (D:1)
  15 goblins
  9 hobgoblins
  2 jackals (D:1)
  7 quokkas
  11 ball pythons
  3 bats (D:2)
  2 frilled lizards (D:3)
  3 kobolds
  5 rats
83 creatures vanquished.

Vanquished Creatures (others)
  250 foxfires
250 creatures vanquished.

Grand Total: 333 creatures vanquished

Notes
Turn   | Place    | Note
-------+----------+-------------------------------------------
     0 | D:1      | octoduck the Djinni Fire Elementalist began the quest for
                  | the Orb.
     0 | D:1      | Reached XP level 1. HP: 15/15 MP: 0/0
   251 | D:1      | Reached XP level 2. HP: 14/22 MP: 0/0
   253 | D:1      | Reached skill level 1 in Fighting
   475 | D:1      | Found Memimef's Jewellery Emporium.
   850 | D:1      | Reached skill level 3 in Dodging
   850 | D:1      | Reached XP level 3. HP: 26/27 MP: 0/0
   850 | D:1      | Learned a level 1 spell: Shock
  1737 | D:2      | Reached XP level 4. HP: 10/33 MP: 0/0
  2062 | D:2      | Found a faded altar of an unknown god.
  2402 | D:3      | Noticed Natasha
  2414 | D:3      | Killed Natasha
  2415 | D:3      | Reached skill level 4 in Dodging
  2415 | D:3      | Reached XP level 5. HP: 16/40 MP: 0/0
  2415 | D:3      | Learned a level 2 spell: Corpse Rot
  2452 | D:3      | Noticed Natasha
  2456 | D:3      | Killed Natasha
  2588 | D:3      | Noticed Natasha
  2592 | D:3      | Killed Natasha
  2857 | D:3      | Noticed an ogre
  2918 | D:2      | Killed an ogre
  2919 | D:2      | Reached skill level 5 in Dodging
  2919 | D:2      | Reached XP level 6. HP: 21/47 MP: 0/0
  3319 | D:3      | Noticed Sigmund
  3461 | D:3      | Noticed Purgy
  3540 | D:3      | Killed Sigmund
  3541 | D:3      | Reached XP level 7. HP: 53/53 MP: 0/0
  3541 | D:3      | Learned a level 3 spell: Frozen Ramparts
  3973 | D:4      | Reached skill level 5 in Fighting
  3973 | D:4      | Reached skill level 6 in Dodging
  4092 | D:4      | Found a runed translucent gate.
  4092 | D:4      | Found a runed translucent gate.
  4478 | D:4      | Found a runed translucent gate.
  4482 | D:4      | Noticed snetch's ghost (novice DjFE)
  4684 | D:5      | Entered Level 5 of the Dungeon
  5217 | D:5      | Slain by an ice beast

Illustrated notes

Levels and vault maps discovered:
D:1:      dpeg_arrival_simpleton_c, layout_basic, serial_shops, shop,
          serial_forest, infiniplex_forest_corner_1,
          infiniplex_forest_clump_diagonal, infiniplex_forest_end_1,
          infiniplex_forest_lined_3, minmay_pentomino_t2
D:2:      wander_river, layout_loops_ring, basic_ecumenical_altar
D:3:      layout_basic, minmay_ogre_servants, uniq_natasha, uniq_purgy,
          uniq_sigmund
D:4:      layout_cave_pools, ebering_ghost_rock_garden
D:5:      layout_basic, kiku_gazebo_pond_becter, lemuel_tele_altar,
          serial_shops, shop, skrybe_limestone_x, minmay_manual_monstrance

Skill      XL: |  1  2  3  4  5  6  7 |
---------------+----------------------+-----
Fighting       | 1 2 3 4 5 |  5.5
Dodging        | 3 4 5 6 |  6.3
Stealth        | |  1.5
Spellcasting   | |  2.7

Action                   |  1- 3 |  4- 6 |  7- 9 || total
-------------------------+-------+-------+-------++-------
Melee: Unarmed           |     3 |       |       ||     3
       Dagger            |     3 |     4 |    23 ||    30
 Cast: Foxfire           |    53 |    52 |    36 ||   141
       Shock             |       |     1 |    19 ||    20
       Conjure Flame     |       |     1 |       ||     1
Evoke: Wand              |       |     5 |       ||     5
  Use: Scroll            |     3 |     2 |     6 ||    11
       Potion            |       |       |     2 ||     2
 Stab: Invisible         |       |       |     1 ||     1
Armor: Robe              |     7 |     3 |    16 ||    26
Dodge: Dodged            |    10 |     7 |    80 ||    97
